 Dungeon Crawl Stone Soup version 0.30-a0-1059-g7dea3e163d (webtiles) character file.

Game seed: 13936873381853017034

20854 CrazyBamboolord the Nimble (level 13, -3/81 HPs)
             Began as a Kobold Artificer on Apr 12, 2023.
             Was a Priest of Dithmenos.
             Slain by a large slime creature (21 damage)
             ... on level 11 of the Dungeon.
             The game lasted 00:41:11 (15691 turns).

CrazyBamboolord the Nimble (Kobold Artificer)      Turns: 15691, Time: 00:41:12

Health: -3/81      AC: 15    Str: 10    XL:     13   Next: 15%
Magic:  0/18       EV: 24    Int: 12    God:    Dithmenos [***...]
Gold:   110        SH:  0    Dex: 20    Spells: 12/12 levels left

rFire   . . .      SeeInvis +    a - +1 dagger (venom)
rCold   . . .      Faith    .    (no shield)
rNeg    . . .      Spirit   +    F - +3 leather armour
rPois   .          Reflect  .    (no helmet)
rElec   .          Rampage  .    c - +2 cloak {Will+}
rCorr   .                        p - +0 pair of gloves
Will    +....                    q - +0 pair of boots
Stlth   ++++++                   y - amulet of guardian spirit
HPRegen 0.33/turn                T - ring of see invisible
MPRegen 0.16/turn                J - +4 ring of protection

@: silenced, wreathed by umbra
A: small, no large weapons, nightstalker 3
a: Renounce Religion


You were on level 11 of the Dungeon.
You worshipped Dithmenos.
Dithmenos was most pleased with you.
You visited 2 branches of the dungeon, and saw 13 of its levels.

You collected 737 gold pieces.
You spent 627 gold pieces at shops.

Inventory:

Hand Weapons
 a - a +1 dagger of venom (weapon)
 b - a +2 dagger of holy wrath
 l - a +1 short sword
Armour
 c - a +2 cloak of willpower (worn)
 j - a +0 troll leather armour
 p - a +0 pair of gloves (worn)
 q - a +0 pair of boots (worn)
 F - a +3 leather armour (worn)
Jewellery
 y - an amulet of guardian spirit (around neck)
 z - an amulet of reflection
 J - a +4 ring of protection (right hand)
 O - a ring of willpower
 Q - an amulet of the acrobat
 T - a ring of see invisible (left hand)
Wands
 d - a wand of charming (16)
 e - a wand of iceblast (9)
 g - a wand of quicksilver (13)
 i - a wand of digging (8)
 C - a wand of mindburst (4)
 K - a wand of polymorph (8)
 M - a wand of flame (14)
Scrolls
 f - 2 scrolls of vulnerability
 k - 3 scrolls of fog
 m - a scroll of immolation
 s - a scroll of enchant armour
 w - 3 scrolls of fear
 G - 2 scrolls of noise
 L - 2 scrolls of silence
 P - 3 scrolls of poison
Potions
 h - a potion of might
 n - 3 potions of berserk rage
 o - a potion of lignification {unknown}
 r - 5 potions of magic
 t - a potion of degeneration {unknown}
 u - a potion of flight {unknown}
 v - 2 potions of heal wounds {unknown}
 x - 4 potions of mutation {unknown}
 A - 4 potions of haste
 B - 2 potions of cancellation {unknown}
 D - 3 potions of attraction {unknown}
 H - 2 potions of brilliance {unknown}
 I - a potion of invisibility {unknown}
 R - 2 potions of ambrosia {unknown}
Miscellaneous
 E - a lightning rod (inert) (quivered)
 N - a phantom mirror (inert)


   Skills:
 * Level 9.7 Fighting
 - Level 11.2 Short Blades
 + Level 3.3 Armour
 * Level 13.4 Dodging
 + Level 10.6 Stealth
 * Level 6.9 Invocations
 * Level 9.8 Evocations


You had 12 spell levels left.
You didn't know any spells.
Your spell library contained the following spells:

 Spells                   Type           Power      Damage    Failure   Level
 Apportation              Tloc           0%         N/A       41%         1
 Beastly Appendage        Tmut           0%         N/A       41%         1
 Kiss of Death            Conj/Necr      0%         2d5       41%         1
 Magic Dart               Conj           0%         1d3       41%         1
 Necrotise                Necr           0%         1d4       41%         1
 Ensorcelled Hibernation  Hex/Ice        0%         N/A       54%         2
 Passwall                 Tmut/Erth      0%         N/A       54%         2
 Call Canine Familiar     Summ           0%         N/A       78%         3
 Confusing Touch          Hex            0%         N/A       78%         3
 Inner Flame              Hex/Fire       0%         N/A       78%         3
 Portal Projectile        Hex/Tloc       0%         N/A       78%         3
 Swiftness                Air            0%         N/A       78%         3
 Vampiric Draining        Necr           0%         2d6       78%         3
 Animate Dead             Necr           0%         N/A       99%         4
 Dispel Undead            Necr           0%         3d6       99%         4
 Leda's Liquefaction      Hex/Erth       0%         N/A       99%         4
 Petrify                  Tmut/Erth      0%         N/A       99%         4
 Sticky Flame             Conj/Fire      0%         2d3       99%         4
 Agony                    Necr           0%         N/A       100%        5
 Borgnjor's Vile Clutch   Necr/Erth      0%         N/A       100%        5
 Metabolic Englaciation   Hex/Ice        0%         N/A       100%        5
 Death Channel            Necr           0%         N/A       100%        6
 Starburst                Conj/Fire      0%         6d3       100%        6
 Statue Form              Tmut/Erth      0%         N/A       100%        6


Dungeon Overview and Level Annotations

Branches:
Dungeon (12/15)            Temple (1/1) D:7            Lair (0/5) D:9
    Orc (0/2) D:11

Altars:
Ashenzari
Cheibriados
Dithmenos
Elyvilon
Fedhas
Gozag
Hepliaklqana
Kikubaaqudgha
Makhleb
Nemelex Xobeh
Okawaru
Qazlal
Ru
Sif Muna
Trog
Uskayaw
Vehumet
Wu Jian
Xom
Yredelemnul
Zin
The Shining One

Shops:
D:7 (   D:10 (*

Annotations:
D:8 2 transporters, Route97's ghost, novice MiBe


Innate Abilities, Weirdness & Mutations

You are small and have problems with some larger weapons.
You are completely attuned to the shadows.


Message History

The slime creature barely misses you.
The slime creature attacks as you move away!
The slime creature barely misses you.
The slime creature attacks as you move away!
The slime creature closely misses you.
The slime creature attacks as you move away!
The slime creature completely misses you.
The slime creature attacks as you move away!
The slime creature hits you!
The slime creature attacks as you move away!
The slime creature completely misses you.
The slime creature attacks as you move away!
The slime creature completely misses you.
The slime creature attacks as you move away!
The slime creature hits you but does no damage.
The slime creature attacks as you move away!
The slime creature completely misses you.
The slime creature attacks as you move away!
The slime creature hits you.
The slime creature attacks as you move away!
The slime creature misses you.
The slime creature attacks as you move away!
The slime creature hits you!
Two slime creatures merge to form a large slime creature.
There is a stone staircase leading up here.
The slime creature misses you.
Two slime creatures merge to form a large slime creature.
You climb upwards.
There is a stone staircase leading down here.
The large slime creature attacks as you move away!
The large slime creature hits you!!
* * * LOW HITPOINT WARNING * * *
You feel better.
The large slime creature closely misses you.
Okay, then.
Okay, then.
As you read the scroll labelled FUADUWN JIMOES, it crumbles to dust.
A profound silence engulfs you.
It was a scroll of silence.
A large slime creature splits.
The large slime creature hits you!!
You die...

#............#.......
#............#.......
#............#.......
#######......#.......
#............#.....##
#............#######.
#....................
#...JJ...............
#...@J...............
#....................
#....................
#.....#............##
#.....#............#.
#.....#............#.
#.....#.......)....#.
#.....#............#.
#.....#............#.


You could see a large slime creature (poisoned) and 2 slime creatures.

Vanquished Creatures
  A hydra (D:11)
  An ogre mage (D:11)
  3 two-headed ogres
  2 boulder beetles (D:11)
  Sonja (D:10)
  3 ugly things
  A manticore (D:11)
  4 cyclopes (D:11)
  3 gargoyles
  An unseen horror (D:12)
  2 komodo dragons (D:11)
  5 trolls
  A hornet (D:9)
  6 slime creatures
  A centaur simulacrum (D:11)
  2 vampires
  2 shadows
  3 wraiths
  26 yaks
  A basilisk (D:11)
  Menkaure (D:7)
  Edmund (D:5)
  2 water moccasins
  An orc warrior (D:9)
  2 ice beasts
  A sky beast (D:7)
  3 wolves (D:9)
  An ogre (D:6)
  7 centaurs
  3 phantoms
  2 kobold brigands
  3 bullfrogs
  2 gnoll sergeants
  3 scorpions
  10 killer bees
  7 howler monkeys
  An electric eel (D:9)
  6 hounds
  2 orc priests (D:9)
  6 iguanas
  Ijyb (D:4)
  4 orc wizards
  A mummy (D:4)
  11 gnolls
  7 adders
  A shadow imp (D:8)
  A white imp (D:6)
  An ufetubus (D:5)
  A worm (D:5)
  3 dart slugs
  15 orcs
  8 ball pythons
  6 endoplasms
  2 giant cockroaches (D:1)
  6 goblins
  5 hobgoblins
  6 jackals
  6 quokkas
  8 bats
  10 frilled lizards
  10 kobolds
  4 rats
250 creatures vanquished.

Vanquished Creatures (collateral kills)
  An orc wizard (D:6)
  A hobgoblin (D:4)
2 creatures vanquished.

Vanquished Creatures (others)
  A centaur (D:11)
  A gnoll bouda (D:6)
  2 gnolls (D:6)
  2 orcs (D:6)
  6 fungi (D:3)
  9 plants
21 creatures vanquished.

Grand Total: 273 creatures vanquished

Notes
Turn   | Place    | Note
-------+----------+-------------------------------------------
     0 | D:1      | CrazyBamboolord the Kobold Artificer began the quest for
                  | the Orb.
     0 | D:1      | Reached XP level 1. HP: 12/12 MP: 1/1
    18 | D:1      | Got Beginning Magic
   277 | D:1      | Reached XP level 2. HP: 13/16 MP: 2/2
   785 | D:1      | Reached XP level 3. HP: 20/20 MP: 3/3
   976 | D:1      | Reached skill level 1 in Short Blades
  1701 | D:2      | Reached XP level 4. HP: 19/25 MP: 4/4
  2131 | D:3      | Reached skill level 3 in Dodging
  2427 | D:3      | Reached XP level 5. HP: 17/30 MP: 5/5
  2644 | D:3      | Found a blossoming altar of Fedhas.
  3011 | D:4      | Noticed Ijyb
  3027 | D:4      | Killed Ijyb
  3098 | D:4      | Found a snail-covered altar of Cheibriados.
  3481 | D:4      | Reached XP level 6. HP: 17/35 MP: 6/6
  3651 | D:4      | Found a hazy altar of Hepliaklqana.
  4052 | D:4      | Reached skill level 5 in Evocations
  4336 | D:5      | Entered Level 5 of the Dungeon
  4363 | D:5      | Noticed Edmund
  4375 | D:5      | Killed Edmund
  4376 | D:5      | Reached skill level 5 in Short Blades
  4376 | D:5      | Reached skill level 4 in Dodging
  4376 | D:5      | Reached XP level 7. HP: 25/40 MP: 7/7
  4841 | D:5      | Found an opulent altar of Gozag.
  5557 | D:6      | Reached XP level 8. HP: 46/46 MP: 8/8
  5682 | D:6      | Reached skill level 5 in Stealth
  5769 | D:6      | Reached skill level 5 in Dodging
  6122 | D:6      | Found a stormy altar of Qazlal.
  6233 | D:6      | Found a shimmering altar of Xom.
  6579 | D:7      | Found a staircase to the Ecumenical Temple.
  6598 | D:7      | Found an ancient bone altar of Kikubaaqudgha.
  6613 | Temple   | Entered the Ecumenical Temple
  6654 | Temple   | Became a worshipper of Dithmenos the Shadowed
  6911 | D:7      | Noticed Menkaure
  6914 | D:7      | Killed Menkaure
  6915 | D:7      | Reached skill level 6 in Dodging
  6915 | D:7      | Reached skill level 1 in Invocations
  6915 | D:7      | Reached XP level 9. HP: 52/52 MP: 9/9
  6952 | D:7      | Found Sylifa's Hydra Hut.
  6985 | D:7      | Noticed a four-headed hydra
  7030 | D:7      | Noticed a troll
  7038 | D:7      | Killed a troll
  7107 | D:7      | Reached skill level 7 in Dodging
  7818 | D:8      | Found a transporter.
  7820 | D:8      | Noticed Route97's ghost (novice MiBe)
  7971 | D:8      | Reached skill level 5 in Fighting
  8006 | D:8      | Reached XP level 10. HP: 20/59 MP: 12/12
  8212 | D:8      | Reached skill level 10 in Short Blades
  8213 | D:8      | Reached skill level 8 in Dodging
  8679 | D:8      | Found a transporter.
  8891 | D:9      | Noticed a green ugly thing
  8907 | D:9      | Killed a green ugly thing
  9196 | D:9      | HP: 2/60 [large slime creature (17)]
  9455 | D:9      | Found a sparkling altar of Nemelex Xobeh.
  9534 | D:9      | Reached * piety under Dithmenos
  9710 | D:9      | Paralysed by a hornet for 1 turns
  9716 | D:9      | Paralysed by a hornet for 1 turns
  9722 | D:9      | Reached skill level 9 in Dodging
 10073 | D:9      | Reached XP level 11. HP: 66/66 MP: 14/14
 10471 | D:9      | Found a staircase to the Lair.
 11046 | D:9      | Found a hide-covered altar of Uskayaw.
 11285 | D:10     | Entered Level 10 of the Dungeon
 11334 | D:9      | Reached skill level 1 in Armour
 11543 | D:10     | Reached skill level 10 in Dodging
 11677 | D:10     | Noticed Sonja
 11724 | D:10     | Killed Sonja
 11725 | D:10     | Reached skill level 5 in Invocations
 11950 | D:10     | Noticed a two-headed ogre
 11954 | D:10     | Killed a two-headed ogre
 12042 | D:10     | Found a shimmering blue altar of Sif Muna.
 12208 | D:10     | Found a broken altar of Ashenzari.
 12276 | D:10     | Reached ** piety under Dithmenos
 12277 | D:10     | Reached skill level 11 in Dodging
 12450 | D:10     | Found Ucaox's Antique Weapon Shop.
 12616 | D:10     | Found Tezay's Gadget Gallery.
 12622 | D:10     | Bought a wand of quicksilver (4) for 184 gold pieces
 12622 | D:10     | Bought a wand of iceblast (2) for 52 gold pieces
 12622 | D:10     | Bought a wand of flame (8) for 61 gold pieces
 12622 | D:10     | Bought a lightning rod (4/4) for 330 gold pieces
 12662 | D:10     | Noticed a two-headed ogre
 12694 | D:10     | Killed a two-headed ogre
 12695 | D:10     | Reached XP level 12. HP: 65/75 MP: 9/16
 12901 | D:11     | Noticed a boulder beetle
 12907 | D:11     | Killed a boulder beetle
 12931 | D:11     | Noticed a two-headed ogre
 12937 | D:11     | Killed a two-headed ogre
 13070 | D:11     | Found a staircase to the Orcish Mines.
 13120 | D:11     | Reached skill level 12 in Dodging
 13153 | D:11     | Noticed an ogre mage
 13157 | D:11     | Killed an ogre mage
 13208 | D:11     | Noticed a boulder beetle
 13212 | D:11     | Killed a boulder beetle
 13247 | D:11     | Noticed a four-headed hydra
 13251 | D:11     | Killed a four-headed hydra
 13257 | D:11     | Got the Encyclopedia of the Limned Summer
 14084 | D:11     | Reached skill level 10 in Stealth
 14441 | D:11     | Reached skill level 13 in Dodging
 14711 | D:12     | Reached *** piety under Dithmenos
 14731 | D:12     | Reached XP level 13. HP: 80/80 MP: 18/18
 15691 | D:11     | Slain by a large slime creature

Illustrated notes

Levels and vault maps discovered:
D:1:      lemuel_arrival_lava_pool, layout_basic
D:2:      layout_basic
D:3:      layout_loops_ring, fedhas_altar_3, chequers_decorated_corner
D:4:      layout_gridville, slow_altar_2, old_standard_altar,
          kennysheep_generic_room_4, uniq_ijyb
D:5:      layout_loops_ring, mainiacjoe_overflow_concentric_impassable,
          uniq_edmund
D:6:      layout_layer_cave, grunt_qazlal_clouds, lemuel_doored_altar,
          corexii_corridor_pit
D:7:      layout_loops_ring, kiku_gazebo_garden_becter,
          minmay_temple_entry_glassed_door, doesnt_shop_hydraphobe,
          uniq_menkaure
D:8:      layout_basic, gammafunk_ghost_berserking_beasts, nicolae_wwwww,
          kennysheep_minor_cross, kennysheep_decorative_pillar
D:9:      layout_stronghold, nemelex_altar_shiori,
          mainiacjoe_overflow_surrounded_room, erik_lair_island,
          due_unseen_surprise, uniq_maurice
D:10:     layout_loops_cross, amcnicky_altar_gilded, lemuel_blue_sif_altar,
          serial_glass, glass_columns_b, glass_columns_a, glass_columns_a,
          glass_columns_b, glass_columns_b, glass_columns_a, serial_shops, shop,
          nicolae_shop_gadgets, uniq_sonja
D:11:     minmay_cut_squares, layout_grid_maze, minmay_lizard_king
D:12:     layout_big_octagon, nicolae_sextant
Temple:   minmay_freezing_vapour_temple

Skill      XL: |  1  2  3  4  5  6  7  8  9 10 11 12 |
---------------+-------------------------------------+-----
Evocations     | 4 5 6 7 8 9 |  9.8
Short Blades   | 1 2 3 5 6 7 9 11 | 11.2
Stealth        | 2 3 4 5 6 8 10 | 10.6
Dodging        | 3 4 6 7 9 11 13 | 13.4
Fighting       | 2 3 4 5 6 8 9 |  9.7
Invocations    | 1 2 4 5 6 |  6.9
Armour         | 2 3 |  3.3

Action                     |  1- 3 |  4- 6 |  7- 9 | 10-12 | 13-15 || total
---------------------------+-------+-------+-------+-------+-------++-------
  Melee: Short sword       |   114 |   167 |   397 |   538 |       ||  1216
         Punch             |     2 |       |     8 |    18 |     6 ||    34
         Dagger            |       |       |       |   437 |   144 ||   581
  Evoke: Wand              |     6 |    15 |    13 |    27 |       ||    61
         Lightning rod     |       |       |       |     5 |     3 ||     8
         Phantom mirror    |       |       |       |     1 |       ||     1
    Use: Scroll            |       |     6 |       |    14 |     2 ||    22
         Potion            |       |       |     4 |     3 |     1 ||     8
   Stab: Sleeping          |    14 |    16 |    15 |    27 |     2 ||    74
         Distracted        |     1 |     1 |       |     2 |       ||     4
 Armour: Leather armour    |    24 |    34 |    62 |    81 |    35 ||   236
         Troll leather arm |       |       |       |    55 |       ||    55
  Dodge: Dodged            |    67 |   114 |   179 |   767 |   149 ||  1276
  Block: Other             |       |       |    49 |     8 |       ||    57

Table legend: (Time is in decaauts)
 A = Elapsed time spent in this place.
 B = Non-inter-level travel time spent in this place.
 C = Inter-level travel time spent in this place.
 D = Time resting spent in this place.
 E = Time spent auto-exploring this place.
 F = Levels seen in this place.
 G = Mean time per level.
                   A        B        C        D        E       F      G
               +--------+--------+--------+--------+--------+-----+--------+
         Total |  15000 |  14578 |    422 |   1926 |   9869 |  13 | 1153.8 |
       Dungeon |  14951 |  14533 |    418 |   1926 |   9869 |  12 | 1245.9 |
        Temple |     48 |     44 |      4 |      0 |      0 |   1 |   48.0 |
               +--------+--------+--------+--------+--------+-----+--------+

Top non-repeatable levels by time:
     D:9: 2488 daAuts
    D:11: 1810 daAuts
     D:4: 1279 daAuts
    D:10: 1269 daAuts
     D:6: 1238 daAuts
     D:8: 1121 daAuts
     D:2: 1107 daAuts
     D:1: 1001 daAuts
     D:7: 989 daAuts
     D:5: 929 daAuts
     D:3: 917 daAuts
    D:12: 798 daAuts
  Temple: 48 daAuts
